[ AOE2 MATCH · #495550679 ]
UnrankedBurgundians vs Goths
Rival team · WIN
[ REPLAY ANALYSIS · EXTRACTED FROM THE RECORDED GAME ]
Feudal
9:15
Castle
22:45
Imperial
—
| APM avg | 89.5 |
| APM peak | 134 |
| eAPM avg | 44.3 |
| Villagers / military | 116 / 57 |
Focus
⚔️ 41.3% · 🌾 58.7%
Knight ×20 · Scorpion ×11 · Spearman ×11 · Archer ×5 · Scout Cavalry ×5 · Skirmisher ×4
Feudal
9:04
Castle
24:52
Imperial
—
| APM avg | 96.5 |
| APM peak | 143 |
| eAPM avg | 40.8 |
| Villagers / military | 89 / 69 |
Focus
⚔️ 65.4% · 🌾 34.6%
Cavalry Archer ×33 · Archer ×11 · Militia ×9 · Skirmisher ×9 · Spearman ×5 · Mangonel ×2
Match map
Initial resources + every placement click. Lines = walls · curves = elevation contours. ◆ gold · ⬟ stone · ● berries · ✦ relic · ◌ wall gap
Your base· Open — opponent sealed themselves in
Retember's base· ✓ Closed at 24:52 · 30t walls · no gate
Smoothed initial terrain · ◌ = detected wall gap · hover for details
Inputs per minute
— Inkisidor_ - - Retember
Build order — Inkisidor_
First 150 of 341 actions detected
| 0:00 | Queue | Villager (Male) |
| 0:00 | Queue | Villager (Male) |
| 0:00 | Queue | Villager (Male) |
| 0:01 | Build | House |
| 0:02 | Build | House |
| 0:05 | Queue | Villager (Male) |
| 1:25 | Queue | Villager (Male) |
| 1:54 | Build | Lumber Camp |
| 1:58 | Queue | Villager (Male) |
| 2:22 | Queue | Villager (Male) |
| 2:49 | Queue | Villager (Male) |
| 3:07 | Queue | Villager (Male) |
| 3:35 | Queue | Villager (Male) |
| 3:50 | Build | House |
| 3:53 | Research | Double-Bit Axe |
| 3:53 | Research | Double-Bit Axe |
| 3:53 | Research | Double-Bit Axe |
| 3:53 | Research | Double-Bit Axe |
| 4:00 | Queue | Villager (Male) |
| 4:09 | Build | House |
| 4:30 | Queue | Villager (Male) |
| 4:49 | Queue | Villager (Male) |
| 5:12 | Queue | Villager (Male) |
| 5:27 | Build | Mill |
| 5:48 | Queue | Villager (Male) |
| 5:51 | Queue | Villager (Male) |
| 6:32 | Research | Loom |
| 7:02 | Research | Feudal Age |
| 7:29 | Build | Palisade Wall |
| 7:46 | Build | Palisade Wall |
| 7:47 | Build | Palisade Wall |
| 8:04 | Build | Barracks |
| 8:12 | Build | Palisade Wall |
| 8:24 | Build | Palisade Wall |
| 8:41 | Queue | Villager (Male) |
| 8:51 | Research | Horse Collar |
| 8:51 | Research | Horse Collar |
| 8:51 | Research | Horse Collar |
| 8:51 | Research | Horse Collar |
| 8:51 | Research | Horse Collar |
| 8:56 | Queue | Villager (Male) |
| 9:15 | Age | Feudal Age |
| 9:19 | Build | Archery Range |
| 9:20 | Queue | Villager (Male) |
| 9:53 | Queue | Villager (Male) |
| 9:56 | Build | Mining Camp |
| 9:58 | Queue | Villager (Male) |
| 10:01 | Build | Palisade Wall |
| 10:08 | Build | Mill |
| 10:09 | Queue | Villager (Male) |
| 10:20 | Queue | Archer |
| 10:27 | Research | Bow Saw |
| 10:27 | Research | Bow Saw |
| 10:27 | Research | Bow Saw |
| 10:27 | Research | Bow Saw |
| 10:27 | Research | Bow Saw |
| 10:29 | Research | Horse Collar |
| 10:29 | Research | Horse Collar |
| 10:30 | Queue | Villager (Male) |
| 10:42 | Queue | Villager (Male) |
| 11:01 | Queue | Archer |
| 11:06 | Build | Farm |
| 11:08 | Build | Farm |
| 11:10 | Queue | Villager (Male) |
| 11:26 | Build | Palisade Wall |
| 11:34 | Build | House |
| 11:44 | Build | House |
| 11:45 | Build | House |
| 12:02 | Build | House |
| 12:04 | Build | Palisade Wall |
| 12:12 | Queue | Archer |
| 12:25 | Queue | Villager (Male) |
| 12:30 | Queue | Archer |
| 12:37 | Build | House |
| 12:44 | Build | Blacksmith |
| 12:49 | Queue | Villager (Male) |
| 12:53 | Build | Farm |
| 12:54 | Build | Farm |
| 12:56 | Build | Farm |
| 13:05 | Build | House |
| 13:06 | Build | Palisade Wall |
| 13:10 | Research | Town Watch |
| 13:30 | Research | Fletching |
| 13:44 | Queue | Villager (Male) |
| 13:53 | Queue | Villager (Male) |
| 14:12 | Queue | Skirmisher |
| 14:12 | Queue | Skirmisher |
| 14:15 | Build | Farm |
| 14:17 | Build | Farm |
| 14:26 | Build | Farm |
| 14:43 | Queue | Villager (Male) |
| 14:49 | Build | Farm |
| 14:49 | Build | Farm |
| 14:52 | Queue | Skirmisher |
| 14:59 | Queue | Villager (Male) |
| 15:06 | Build | Stable |
| 15:27 | Queue | Villager (Male) |
| 15:33 | Build | Farm |
| 15:36 | Queue | Skirmisher |
| 15:57 | Build | Farm |
| 16:00 | Queue | Scout Cavalry |
| 16:00 | Queue | Scout Cavalry |
| 16:07 | Build | Lumber Camp |
| 16:11 | Build | Palisade Wall |
| 16:11 | Queue | Villager (Male) |
| 16:26 | Queue | Villager (Male) |
| 16:30 | Build | Palisade Gate |
| 16:46 | Queue | Scout Cavalry |
| 17:21 | Queue | Villager (Male) |
| 17:29 | Queue | Villager (Male) |
| 17:45 | Queue | Villager (Male) |
| 17:47 | Queue | Villager (Male) |
| 17:51 | Build | Market |
| 17:51 | Queue | Villager (Male) |
| 17:57 | Build | Archery Range |
| 17:59 | Build | Palisade Wall |
| 18:00 | Queue | Scout Cavalry |
| 18:10 | Queue | Villager (Male) |
| 18:19 | Build | Farm |
| 18:20 | Build | Farm |
| 18:20 | Build | Farm |
| 18:22 | Build | Farm |
| 18:27 | Queue | Villager (Male) |
| 18:48 | Queue | Villager (Male) |
| 18:51 | Queue | Scout Cavalry |
| 19:45 | Build | Mining Camp |
| 20:05 | Research | Castle Age |
| 20:05 | Research | Castle Age |
| 20:09 | Build | House |
| 20:11 | Build | Palisade Wall |
| 20:24 | Build | House |
| 20:25 | Build | House |
| 20:31 | Queue | Archer |
| 20:47 | Build | Stable |
| 21:16 | Research | Scale Barding Armor |
| 21:16 | Research | Scale Barding Armor |
| 21:16 | Research | Forging |
| 21:16 | Research | Forging |
| 21:26 | Research | Gold Mining |
| 21:26 | Research | Gold Mining |
| 22:11 | Build | House |
| 22:45 | Age | Castle Age |
| 22:50 | Queue | Knight |
| 22:50 | Queue | Knight |
| 22:50 | Queue | Knight |
| 22:51 | Queue | Villager (Male) |
| 22:57 | Queue | Villager (Male) |
| 22:59 | Queue | Knight |
| 22:59 | Queue | Knight |
| 23:01 | Build | House |
Build order — Retember
First 150 of 255 actions detected
| 0:01 | Queue | Villager (Male) |
| 0:01 | Queue | Villager (Male) |
| 0:01 | Queue | Villager (Male) |
| 0:01 | Queue | Villager (Male) |
| 0:02 | Queue | Villager (Male) |
| 0:02 | Build | House |
| 0:04 | Build | House |
| 1:23 | Queue | Villager (Male) |
| 1:24 | Queue | Villager (Male) |
| 1:39 | Queue | Villager (Male) |
| 1:39 | Queue | Villager (Male) |
| 1:53 | Build | Lumber Camp |
| 1:57 | Build | Lumber Camp |
| 2:17 | Queue | Villager (Male) |
| 2:18 | Queue | Villager (Male) |
| 2:37 | Queue | Villager (Male) |
| 2:37 | Queue | Villager (Male) |
| 2:57 | Build | House |
| 3:01 | Queue | Villager (Male) |
| 3:03 | Build | House |
| 3:33 | Queue | Villager (Male) |
| 3:48 | Queue | Villager (Male) |
| 3:48 | Queue | Villager (Male) |
| 4:05 | Queue | Villager (Male) |
| 4:05 | Queue | Villager (Male) |
| 4:30 | Queue | Villager (Male) |
| 4:30 | Queue | Villager (Male) |
| 4:55 | Queue | Villager (Male) |
| 5:09 | Queue | Villager (Male) |
| 5:34 | Queue | Villager (Male) |
| 5:37 | Build | Barracks |
| 5:41 | Research | Loom |
| 5:55 | Build | House |
| 6:54 | Research | Feudal Age |
| 6:54 | Research | Feudal Age |
| 7:01 | Build | Mining Camp |
| 7:13 | Queue | Militia |
| 7:31 | Queue | Militia |
| 7:57 | Build | Mill |
| 8:00 | Queue | Militia |
| 8:25 | Queue | Villager (Male) |
| 8:48 | Build | House |
| 9:04 | Age | Feudal Age |
| 9:10 | Research | Man-at-Arms (upgrade) |
| 9:11 | Research | Man-at-Arms (upgrade) |
| 9:23 | Build | Archery Range |
| 9:31 | Queue | Villager (Male) |
| 9:53 | Queue | Villager (Male) |
| 10:11 | Queue | Villager (Male) |
| 10:17 | Build | Farm |
| 10:27 | Queue | Archer |
| 10:28 | Queue | Spearman |
| 10:37 | Queue | Villager (Male) |
| 10:38 | Build | Farm |
| 10:42 | Build | House |
| 10:44 | Build | Palisade Wall |
| 11:05 | Queue | Villager (Male) |
| 11:11 | Build | House |
| 11:34 | Queue | Archer |
| 11:35 | Queue | Villager (Male) |
| 11:47 | Build | Blacksmith |
| 11:53 | Queue | Villager (Male) |
| 12:18 | Queue | Archer |
| 12:19 | Queue | Villager (Male) |
| 12:39 | Queue | Archer |
| 12:39 | Queue | Villager (Male) |
| 12:53 | Research | Fletching |
| 12:53 | Research | Fletching |
| 12:54 | Queue | Skirmisher |
| 12:58 | Build | House |
| 13:04 | Research | Double-Bit Axe |
| 13:06 | Build | Farm |
| 13:17 | Queue | Villager (Male) |
| 13:18 | Build | Farm |
| 13:52 | Queue | Skirmisher |
| 13:57 | Queue | Villager (Male) |
| 13:59 | Build | Farm |
| 14:15 | Queue | Skirmisher |
| 14:32 | Queue | Skirmisher |
| 14:32 | Queue | Villager (Male) |
| 14:35 | Build | Farm |
| 14:50 | Queue | Skirmisher |
| 14:50 | Queue | Villager (Male) |
| 15:01 | Research | Padded Archer Armor |
| 15:01 | Research | Padded Archer Armor |
| 15:28 | Queue | Skirmisher |
| 15:34 | Queue | Villager (Male) |
| 15:34 | Queue | Archer |
| 15:36 | Build | Farm |
| 15:58 | Queue | Skirmisher |
| 15:59 | Queue | Villager (Male) |
| 16:01 | Build | Farm |
| 16:01 | Build | Farm |
| 16:01 | Build | Farm |
| 16:10 | Build | House |
| 16:21 | Build | Archery Range |
| 16:34 | Queue | Militia |
| 16:36 | Build | House |
| 17:22 | Queue | Spearman |
| 17:43 | Queue | Archer |
| 17:45 | Queue | Spearman |
| 17:45 | Queue | Villager (Male) |
| 17:47 | Queue | Archer |
| 17:47 | Queue | Archer |
| 17:50 | Queue | Villager (Male) |
| 17:55 | Build | Market |
| 18:14 | Research | Scale Mail Armor |
| 18:16 | Queue | Militia |
| 18:17 | Queue | Villager (Male) |
| 18:17 | Queue | Archer |
| 18:19 | Build | Barracks |
| 18:20 | Build | Farm |
| 18:20 | Build | Farm |
| 18:21 | Build | Farm |
| 18:44 | Queue | Spearman |
| 18:45 | Queue | Militia |
| 18:51 | Queue | Skirmisher |
| 18:52 | Queue | Skirmisher |
| 19:00 | Queue | Militia |
| 19:09 | Queue | Archer |
| 19:11 | Build | Farm |
| 19:11 | Build | Farm |
| 19:14 | Queue | Villager (Male) |
| 19:28 | Build | House |
| 19:29 | Build | Palisade Wall |
| 19:49 | Queue | Militia |
| 20:00 | Build | House |
| 20:01 | Build | House |
| 20:11 | Build | House |
| 20:17 | Build | Palisade Wall |
| 20:22 | Queue | Militia |
| 20:26 | Build | Palisade Wall |
| 20:30 | Build | House |
| 20:30 | Build | Farm |
| 20:38 | Queue | Villager (Male) |
| 20:48 | Build | Farm |
| 21:46 | Queue | Spearman |
| 22:12 | Research | Castle Age |
| 22:12 | Research | Castle Age |
| 22:43 | Queue | Archer |
| 22:56 | Build | House |
| 23:01 | Research | Horse Collar |
| 23:03 | Build | Lumber Camp |
| 23:54 | Build | Archery Range |
| 24:52 | Age | Castle Age |
| 24:54 | Queue | Cavalry Archer |
| 24:54 | Queue | Cavalry Archer |
| 24:56 | Queue | Villager (Male) |
| 24:56 | Queue | Cavalry Archer |
| 24:58 | Research | Bodkin Arrow |
Match timeline
| 5:37 | Retember · first_building Barracks |
| 7:29 | Inkisidor_ · wall_segment Palisade Wall x5 |
| 7:46 | Inkisidor_ · wall_segment Palisade Wall x3 |
| 7:47 | Inkisidor_ · wall_segment Palisade Wall x2 |
| 8:04 | Inkisidor_ · first_building Barracks |
| 8:12 | Inkisidor_ · wall_segment Palisade Wall x1 |
| 8:24 | Inkisidor_ · wall_segment Palisade Wall x1 |
| 9:04 | Retember · age_up feudal |
| 9:15 | Inkisidor_ · age_up feudal |
| 9:19 | Inkisidor_ · first_building Archery Range |
| 9:23 | Retember · first_building Archery Range |
| 10:01 | Inkisidor_ · wall_segment Palisade Wall x1 |
| 10:44 | Retember · wall_segment Palisade Wall x6 |
| 11:26 | Inkisidor_ · wall_segment Palisade Wall x1 |
| 12:04 | Inkisidor_ · wall_segment Palisade Wall x4 |
| 13:06 | Inkisidor_ · wall_segment Palisade Wall x17 |
| 15:06 | Inkisidor_ · first_building Stable |
| 16:11 | Inkisidor_ · wall_segment Palisade Wall x6 |
| 17:59 | Inkisidor_ · wall_segment Palisade Wall x6 |
| 19:10 | Inkisidor_ · first_market_sell 100 wood |
| 19:29 | Retember · wall_segment Palisade Wall x4 |
| 19:33 | Inkisidor_ · first_market_buy 100 food |
| 20:11 | Inkisidor_ · wall_segment Palisade Wall x9 |
| 20:17 | Retember · wall_segment Palisade Wall x13 |
| 20:26 | Retember · wall_segment Palisade Wall x7 |
| 21:01 | Retember · first_market_buy 100 food |
| 22:45 | Inkisidor_ · age_up castle |
| 23:25 | Inkisidor_ · wall_segment Palisade Wall x1 |
| 24:52 | Retember · age_up castle |
| 25:00 | Retember · first_market_sell 100 food |
| 25:26 | Inkisidor_ · wall_segment Palisade Wall x3 |
| 25:27 | Inkisidor_ · wall_segment Palisade Wall x1 |
| 25:27 | Inkisidor_ · wall_segment Palisade Wall x1 |
| 26:16 | Inkisidor_ · first_building Siege Workshop |
| 26:18 | Retember · first_building Stable |
| 27:41 | Retember · wall_segment Palisade Wall x1 |
| 28:10 | Inkisidor_ · wall_segment Stone Wall x1 |
| 30:17 | Retember · first_building Siege Workshop |
| 33:09 | Inkisidor_ · wall_segment Palisade Wall x1 |
| 34:00 | Retember · first_building Monastery |
| 34:13 | Retember · first_building Castle |
| 34:46 | Inkisidor_ · resign |
[ AI ANALYSIS · 1 CREDIT ]
What really happened in this match?
Wolo.gg analyzes every decision: build order, eco, micro, common mistakes by bracket. Personalized analysis on WhatsApp or Discord in 30 seconds.
Civ guide
Burgundians
Perfil
Jugador #482758